[Event "*** Titled Tuesday Blitz"]
[Site "Chess.com"]
[Date "2020.02.04"]
[Round "6"]
[White "cmpassgall"]
[Black "gena217"]
[Result "0-1"]
[WhiteElo "2580"]
[BlackElo "2994"]
[TimeControl "180+2"]
[EndTime "14:15:04 PST"]
[Termination "gena217 won by resignation"]

1. Nf3 d5 2. g3 Nf6 3. Bg2 c6 4. O-O Bf5 5. c4 e6 6. cxd5 exd5 7. d3 Be7 8. Nc3 O-O 9. Nd4 Bg6 10. e4 dxe4 11. dxe4 Nbd7 12. h3 Re8 13. Qc2 Bc5 14.
Be3 Nd5 15. Nxd5 cxd5 16. Rad1 Bxe4 17. Bxe4 Rxe4 18. Nf5 Bxe3 19. Rxd5 Re5 20. Nxe3 Rxd5 21. Nxd5 Nb6 0-1

[Event "*** Titled Tuesday Blitz"]
[Site "Chess.com"]
[Date "2020.02.04"]
[Round "6"]
[White "Valk4"]
[Black "JozefKneht"]
[Result "1/2-1/2"]
[WhiteElo "2279"]
[BlackElo "2428"]
[TimeControl "180+2"]
[EndTime "14:15:09 PST"]
[Termination "Game drawn by agreement"]

1. e4 c6 2. d4 d5 3. e5 Bf5 4.
Nf3 e6 5. Be2 Be7 6. O-O Nd7 7. Nbd2 h5 8. a4 Nh6 9. a5 Bg6 10. c4 dxc4 11. Nxc4 Nf5 12. Qb3 Qc7 13. Rd1 h4 14. h3 Bh5 15. Bf4 Bxf3 16. Bxf3 O-O 17.
Be4 g6 18. Ne3 Rfd8 1/2-1/2

[Event "*** Titled Tuesday Blitz"]
[Site "Chess.com"]
[Date "2020.02.04"]
[Round "6"]
[White "Rodalquilar"]
[Black "MathiasWomacka"]
[Result "1-0"]
[WhiteElo "2663"]
[BlackElo "2428"]
[TimeControl "180+2"]
[EndTime "14:15:30 PST"]
[Termination "Rodalquilar won by resignation"]

1. d4 Nf6 2. Bf4 c5 3. e3 e6 4.
c3 d5 5. Nf3 Bd6 6. Bb5+ Nc6 7.
Bg3 O-O 8. Nbd2 Ne4 9. Nxe4 dxe4 10. Nd2 f5 11. Bxc6 bxc6 12. Nc4 Bxg3 13. hxg3 Ba6 14. Ne5 cxd4 15. Qxd4 Qc7 16. O-O-O Rab8 17. Qd6 Qxd6 18.
Rxd6 Rb6 19. Nd7 Rd8 20. Nf6+ gxf6 21. Rxd8+ 1-0

[Event "*** Titled Tuesday Blitz"]
[Site "Chess.com"]
[Date "2020.02.04"]
[Round "6"]
[White "Astaneh"]
[Black "isla88"]
[Result "1-0"]
[WhiteElo "2535"]
[BlackElo "2333"]
[TimeControl "180+2"]
[EndTime "14:15:33 PST"]
[Termination "Astaneh won by resignation"]

1. e4 c5 2. Nf3 Nc6 3. Bb5 g6 4. Bxc6 dxc6 5. O-O Bg7 6. Re1 e5 7. Na3 Qc7 8. Nc4 Be6 9. d3 Rd8 10. Qe2 Ne7 11. a4 O-O 12. a5 b5 13. axb6 axb6 14. Bg5 f6 15. Bh4 b5 16. Ncd2 g5 17. Bg3 Ng6 18. Nb3 c4 19. Nc5 Bf7 20. d4 Qe7 21. c3 h5 22. h3 Nf4 23. Bxf4 gxf4 24.
Rad1 Kh7 25. Nh4 Bg6 26. g4 fxg3 27. fxg3 f5 28. exf5 Bxf5 29. Qxh5+ Bh6 30. Nxf5 Rf6 31.
Nxe7 1-0

[Event "*** Titled Tuesday Blitz"]
[Site "Chess.com"]
[Date "2020.02.04"]
[Round "6"]
[White "cottage_cheese"]
[Black "ChessBitl"]
[Result "1-0"]
[WhiteElo "2304"]
[BlackElo "2349"]
[TimeControl "180+2"]
[EndTime "14:15:52 PST"]
[Termination "cottage_cheese won by checkmate"]

1. e4 c5 2. Nf3 Nc6 3. Bb5 Qc7 4. Nc3 e6 5. Bxc6 Qxc6 6. d4 cxd4 7. Nxd4 Qc7 8. O-O a6 9. Qd2 Nf6 10. b3 d6 11. Bb2 b5 12. Rfe1 Bb7 13. f3 Be7 14. a4 bxa4 15. Rxa4 O-O 16. Rea1 Rfc8 17. Rc4 Qb6 18. Rxc8+ Rxc8 19. Kh1 d5 20. exd5 Nxd5 21. Nxd5 Bxd5 22. c4 Bb7 23. Qc2 Bd5 24. Qc3 Bb7 25.
Nxe6 Rd8 26. Qxg7# 1-0

[Event "*** Titled Tuesday Blitz"]
[Site "Chess.com"]
[Date "2020.02.04"]
[Round "6"]
[White "Carnivoras"]
[Black "VladDobrov"]
[Result "0-1"]
[WhiteElo "2556"]
[BlackElo "2898"]
[TimeControl "180+2"]
[EndTime "14:15:56 PST"]
[Termination "VladDobrov won by resignation"]

1. d4 Nf6 2. Nf3 e6 3. Bf4 c5 4. e3 Nc6 5. c3 d5 6. Nbd2 Nh5 7.
Bg5 Qb6 8. Qb3 h6 9. Bh4 g5 10. Bg3 Nxg3 11. hxg3 Bg7 12. Be2 Bd7 13. O-O g4 14.
Ne1 h5 15. dxc5 Qxc5 16. Nd3 Qe7 17. e4 d4 18. Nc4 b5 19. Qxb5 dxc3 20. bxc3 Bxc3 21.
Rae1 Nd4 22. Qb7 Bc6 23. Qa6 O-O 24. e5 Bb5 25. Qd6 Qxd6 26. Nxd6 Nxe2+ 0-1

[Event "*** Titled Tuesday Blitz"]
[Site "Chess.com"]
[Date "2020.02.04"]
[Round "6"]
[White "Gentlejimmy7"]
[Black "albano87"]
[Result "1-0"]
[WhiteElo "2631"]
[BlackElo "1918"]
[TimeControl "180+2"]
[EndTime "14:15:57 PST"]
[Termination "Gentlejimmy7 won on time"]

1. d4 d5 2. Nf3 Nf6 3. c4 e6 4. g3 Be7 5. Bg2 O-O 6. O-O dxc4 7. Qc2 a6 8. a4 Bd7 9. Qxc4 Bc6 10. Bf4 a5 11. Nc3 Na6 12. Rac1 Nd5 13. Rfd1 Nxf4 14. gxf4 Bd5 15. Qb5 c6 16. Qxb7 Nb4 17. Ne5 Rc8 18. Nxd5 cxd5 19. Rxc8 Qxc8 20. Qxe7 Qc2 21. Re1 Qxb2 22.
Nf3 1-0

[Event "*** Titled Tuesday Blitz"]
[Site "Chess.com"]
[Date "2020.02.04"]
[Round "6"]
[White "FearNoEvil12"]
[Black "kingofthenil"]
[Result "0-1"]
[WhiteElo "2048"]
[BlackElo "2485"]
[TimeControl "180+2"]
[EndTime "14:16:00 PST"]
[Termination "kingofthenil won by resignation"]

1. e4 Nc6 2. d4 d5 3. e5 Bf5 4. c3 f6 5. Nf3 fxe5 6. dxe5 e6 7.
Bd3 Nge7 8. O-O Qd7 9. Bxf5 Nxf5 10. Na3 Bxa3 11. bxa3 O-O 12. Re1 Na5 13. Nd4 Nxd4 14.
cxd4 Nc4 15. Qd3 b6 16. Rb1 c5 17. h3 Rf7 18. Re2 Rc8 19. Qg3 cxd4 20. Qg4 d3 21. Re1 d2 22. Bxd2 Nxd2 23. Rbd1 Nc4 24. Rd4 Rcf8 25.
Re2 Rf5 26. Qg3 Qa4 27. Kh2 Qxa3 28. f3 Qc3 29. Rg4 R8f7 30. Qh4 Qb4 31. Qd8+ Qf8 32.
Qh4 Rxe5 33. Rxc4 Rxe2 34. Rc6 Rxf3 35. Rc7 Rff2 0-1

[Event "*** Titled Tuesday Blitz"]
[Site "Chess.com"]
[Date "2020.02.04"]
[Round "6"]
[White "reigningmvp"]
[Black "MateusViageiro"]
[Result "1-0"]
[WhiteElo "2335"]
[BlackElo "2185"]
[TimeControl "180+2"]
[EndTime "14:16:01 PST"]
[Termination "reigningmvp won by resignation"]

1. Nf3 Nf6 2. g3 e6 3. Bg2 b6 4. O-O Bb7 5. d3 c5 6. e4 d6 7.
Re1 Be7 8. Nh4 O-O 9. e5 Nd5 10.
c4 dxe5 11. cxd5 Bxd5 12. Bxd5 Qxd5 13. Nf3 Bf6 14. Nc3 Qd6 15. Ne4 Qe7 16. Nxf6+ gxf6 17. Bh6 Rd8 18. Nd2 f5 19. Rxe5 f6 20. Re1 Rxd3 21.
Qe2 Rd6 22. Qf3 Nc6 23. Nc4 Rc8 24. Nxd6 Qxd6 25. Rad1 Nd4 26. Qg2 e5 27. Be3 Kh8 28. Bxd4 cxd4 29. Rc1 Rg8 30. Rc6 Qe7 31. Qd5 Rd8 32.
Qe6 Qxe6 33. Rxe6 Kg7 34. Re7+ Kg6 35. Rxa7 d3 36. Rd1 e4 37. Re7 Ra8 38. a3 Rc8 39. f3 Rc4 40. g4 exf3 41. gxf5+ Kxf5 42. Rxd3 Rg4+ 43. Kf2 Rg2+ 44. Kxf3 Rxb2 45. Re2 Rb1 46. h4 h5 47. Rd5+ Kg6 48. Rg2+ Kf7 49. Rxh5 Rb3+ 50.
Kg4 Rxa3 51. Rb5 Ra4+ 52. Kh5 Ra5 53. Rxa5 bxa5 54. Ra2 f5 55. Rxa5 f4 56. Rf5+ Ke6 57. Rxf4 1-0

[Event "*** Titled Tuesday Blitz"]
[Site "Chess.com"]
[Date "2020.02.04"]
[Round "6"]
[White "TristanCalistri"]
[Black "MartinCerveny"]
[Result "1-0"]
[WhiteElo "2296"]
[BlackElo "2583"]
[TimeControl "180+2"]
[EndTime "14:16:06 PST"]
[Termination "TristanCalistri won by resignation"]

1. e4 c5 2. Nf3 d6 3. Bb5+ Bd7 4. Bxd7+ Qxd7 5. O-O g6 6. c3 Bg7 7. d4 e6 8. Qe2 Ne7 9. dxc5 dxc5 10. Bf4 Nbc6 11. Rd1 Qc8 12. Qe3 b6 13. Bh6 O-O 14. Na3 a6 15.
Nc4 Qc7 16. a4 Rad8 17. g3 b5 18. axb5 axb5 19. Na3 Qb7 20. Bxg7 Kxg7 21. Qxc5 b4 22. Nb5 bxc3 23. bxc3 Rxd1+ 24. Rxd1 Rd8 25. Rxd8 Nxd8 26.
Qd4+ f6 27. Qxd8 Nc6 28. Qc7+ 1-0

[Event "*** Titled Tuesday Blitz"]
[Site "Chess.com"]
[Date "2020.02.04"]
[Round "6"]
[White "chessasuke"]
[Black "bsnsun"]
[Result "1-0"]
[WhiteElo "2669"]
[BlackElo "2425"]
[TimeControl "180+2"]
[EndTime "14:16:12 PST"]
[Termination "chessasuke won by resignation"]

1. e4 c5 2. Nf3 d6 3. Nc3 a6 4. g3 Nf6 5. Bg2 Nc6 6. O-O e6 7. d4 cxd4 8. Nxd4 Qc7 9. Re1 Be7 10. Nxc6 bxc6 11. e5 d5 12. exf6 Bxf6 13. Bf4 Qd8 14. Be5 O-O 15. Qd4 Bxe5 16. Rxe5 Rb8 17. Na4 Qa5 18.
b3 f6 19. Ree1 e5 20. Qc5 Qxc5 21. Nxc5 Rb5 22. Nd3 Bf5 23. Rac1 a5 24. Bf1 Rbb8 25. Nc5 Rfd8 26. c3 Kf7 27. f4 e4 28. Kf2 d4 29. cxd4 Rxd4 30. Red1 Rbd8 31. Rxd4 Rxd4 32. Ke3 Rd6 33. Be2 g5 34. fxg5 fxg5 35. Rd1 Rf6 36. g4 Bg6 37. Rd7+ Ke8 38. Ra7 Rd6 39. Nxe4 1-0

[Event "*** Titled Tuesday Blitz"]
[Site "Chess.com"]
[Date "2020.02.04"]
[Round "6"]
[White "ruvat"]
[Black "Bathory44"]
[Result "0-1"]
[WhiteElo "2384"]
[BlackElo "2586"]
[TimeControl "180+2"]
[EndTime "14:16:13 PST"]
[Termination "Bathory44 won by resignation"]

1. d4 Nf6 2. c4 g6 3. Nf3 Bg7 4. g3 O-O 5. Bg2 d6 6. O-O c5 7. Nc3 Nc6 8. d5 Na5 9. Nd2 a6 10. Rb1 Rb8 11. b3 b5 12. Qc2 h5 13. h3 e5 14. Bb2 h4 15. g4 Nh7 16. Nd1 f5 17. gxf5 Bxf5 18. e4 Bd7 19. Qd3 Bh6 20. Ne3 Ng5 21.
Ng4 Bxg4 22. hxg4 h3 23. Bh1 Qd7 24. f3 h2+ 25. Kxh2 Qh7 26. Kg2 Nh3 27. Qc2 Be3 0-1

[Event "*** Titled Tuesday Blitz"]
[Site "Chess.com"]
[Date "2020.02.04"]
[Round "6"]
[White "semchik73"]
[Black "valeriocarnicelli"]
[Result "0-1"]
[WhiteElo "2310"]
[BlackElo "2502"]
[TimeControl "180+2"]
[EndTime "14:16:16 PST"]
[Termination "valeriocarnicelli won by checkmate"]

1. Nf3 Nf6 2. c4 c6 3. Nc3 d5 4. e3 g6 5. d4 Bg7 6. Be2 O-O 7. O-O e6 8. Ne5 Nbd7 9. f4 Ne4 10.
Nxe4 dxe4 11. Qc2 f5 12. c5 Nf6 13. Nc4 Nd5 14. Nd6 Bf6 15. a3 b5 16. b4 Be7 17. Nxc8 Qxc8 18. g4 a5 19. Bd2 axb4 20.
axb4 Qb7 21. Qb2 Kf7 22. Rxa8 Rxa8 23. Ra1 Ra6 24. Rxa6 Qxa6 25. Bd1 Bh4 26. gxf5 gxf5 27. Bb3 Qa8 28. Qa2 Qg8+ 29. Kf1 Qg4 30. Bxd5 Qf3+ 31. Kg1 Qf2+ 32. Kh1 Qf1# 0-1

[Event "*** Titled Tuesday Blitz"]
[Site "Chess.com"]
[Date "2020.02.04"]
[Round "6"]
[White "MisiekZielony"]
[Black "Barcelona_Guy"]
[Result "0-1"]
[WhiteElo "2355"]
[BlackElo "2631"]
[TimeControl "180+2"]
[EndTime "14:16:25 PST"]
[Termination "Barcelona_Guy won by resignation"]

1. c4 c5 2. Nc3 Nf6 3. g3 Nc6 4.
Bg2 g6 5. Nf3 Bg7 6. d4 cxd4 7. Nxd4 O-O 8. O-O d6 9. e3 Bd7 10. b3 Rc8 11. Bb2 Nxd4 12. exd4 b6 13. Qe2 Re8 14. h3 e6 15. Qd2 Bc6 16. Bxc6 Rxc6 17.
d5 exd5 18. cxd5 Rc7 19. Rab1 Qd7 20. Kh2 Rec8 21. Rfc1 Qf5 22. g4 Qf3 23. Nb5 0-1

[Event "*** Titled Tuesday Blitz"]
[Site "Chess.com"]
[Date "2020.02.04"]
[Round "6"]
[White "Grandelicious"]
[Black "Konavets"]
[Result "0-1"]
[WhiteElo "2708"]
[BlackElo "3019"]
[TimeControl "180+2"]
[EndTime "14:16:33 PST"]
[Termination "Konavets won by resignation"]

1. Nf3 Nf6 2. g3 g6 3. Bg2 Bg7 4. c4 O-O 5. Nc3 d6 6. O-O Nbd7 7. d4 e5 8. e4 exd4 9. Nxd4 Re8 10. h3 a6 11. a4 Nc5 12. Re1 a5 13. Bf4 Nfd7 14.
Rb1 Ne5 15. Bf1 h5 16. Be3 h4 17. f4 Ned7 18. Bf2 hxg3 19. Bxg3 Nf6 20. Bg2 Nh5 21. Bh2 Qf6 22. e5 dxe5 23. Nd5 Qd8 24. fxe5 c6 25. Nc3 Qh4 26. Nf3 Qxc4 27. Bf1 Qb4 28.
Ng5 Bf5 29. Qf3 Qh4 30. Nge4 Nxe4 31. Nxe4 Bxe5 32. Bxe5 Rxe5 33. Nd6 Rxe1 0-1

[Event "*** Titled Tuesday Blitz"]
[Site "Chess.com"]
[Date "2020.02.04"]
[Round "6"]
[White "lelya96"]
[Black "Sutormin_DA"]
[Result "1/2-1/2"]
[WhiteElo "2469"]
[BlackElo "2592"]
[TimeControl "180+2"]
[EndTime "14:16:35 PST"]
[Termination "Game drawn by agreement"]

1. e4 e5 2. Nf3 Nc6 3. Bb5 Nf6 4.
O-O Nxe4 5. Re1 Nd6 6. Nxe5 Nxe5 7. Rxe5+ Be7 8. Bf1 Kf8 9. d4 Ne8 10. d5 d6 11. Re1 Bf6 12. Nd2 Bf5 13. Ne4 Bxe4 14. Rxe4 g6 15. Qe1 h5 16. c3 Ng7 17. Be3 Nf5 18. Bd4 Nxd4 19. cxd4 Kg7 20. Rc1 Qd7 21.
Qc3 Qf5 22. Rce1 Rac8 23. Bc4 c6 24. Qb3 1/2-1/2

[Event "*** Titled Tuesday Blitz"]
[Site "Chess.com"]
[Date "2020.02.04"]
[Round "6"]
[White "iturrizaga"]
[Black "MarcoRiehle"]
[Result "1-0"]
[WhiteElo "2860"]
[BlackElo "2638"]
[TimeControl "180+2"]
[EndTime "14:16:36 PST"]
[Termination "iturrizaga won by resignation"]

1. c4 c5 2. Nf3 Nf6 3. Nc3 d5 4. cxd5 Nxd5 5. Qb3 Nb6 6. Ne5 Be6 7. Qb5+ N8d7 8. Nxd7 Qxd7 9. Qxc5 Rc8 10. Qa5 g6 11. Qxa7 Qc6 12. e3 Bd7 13. Qa5 Bg7 14. d4 O-O 15.
Bd2 Rfd8 16. Bd3 e5 17. d5 Qc7 18. O-O Bf8 19. Ne4 Be7 20. Rac1 Ra8 21. Rxc7 1-0

[Event "*** Titled Tuesday Blitz"]
[Site "Chess.com"]
[Date "2020.02.04"]
[Round "6"]
[White "jguerramzllo"]
[Black "CaptainCasanova"]
[Result "1-0"]
[WhiteElo "2547"]
[BlackElo "2700"]
[TimeControl "180+2"]
[EndTime "14:16:42 PST"]
[Termination "jguerramzllo won by resignation"]

1. Nf3 Nf6 2. g3 g6 3. Bg2 Bg7 4. c4 O-O 5. O-O c6 6. Nc3 d5 7. cxd5 cxd5 8. d4 Nc6 9. b3 Ne4 10. Bb2 f5 11. e3 Be6 12. Ne2 Bf7 13. Nf4 e6 14. Nd3 g5 15. Nfe5 g4 16. Nxc6 bxc6 17.
Rc1 Rc8 18. Rc2 h5 19. Qe2 h4 20. Rfc1 Be8 21. Nc5 hxg3 22. hxg3 Qg5 23. Nxe6 Qh5 24. Nxf8 Bxf8 25. Qa6 Rc7 26. Rxc6 Bxc6 27. Rxc6 Rh7 28. Rg6+ Kh8 29. Qe6 Qh2+ 30. Kf1 1-0

[Event "*** Titled Tuesday Blitz"]
[Site "Chess.com"]
[Date "2020.02.04"]
[Round "6"]
[White "secretsuperstar7"]
[Black "zurzan"]
[Result "1-0"]
[WhiteElo "2219"]
[BlackElo "1948"]
[TimeControl "180+2"]
[EndTime "14:16:45 PST"]
[Termination "secretsuperstar7 won by resignation"]

1. e4 Nf6 2. e5 Nd5 3. d4 d6 4. c4 Nb6 5. exd6 cxd6 6. Nf3 g6 7. Nc3 Bg7 8. Be2 O-O 9. O-O Bf5 10. Be3 Nc6 11.
a3 d5 12. c5 Nc4 13. Bxc4 dxc4 14. b3 Bd3 15. Re1 Nxd4 16. Nxd4 Bxd4 17. Bxd4 Qxd4 18.
Qd2 e5 19. b4 Rad8 20. Nb5 Qg4 21. Nd6 b6 22. Rxe5 bxc5 23. bxc5 Qd4 24. Rae1 f6 25. Re7 Qxc5 26. Qh6 1-0

[Event "*** Titled Tuesday Blitz"]
[Site "Chess.com"]
[Date "2020.02.04"]
[Round "6"]
[White "2165149677570"]
[Black "DiamondCrusher22"]
[Result "0-1"]
[WhiteElo "2292"]
[BlackElo "2025"]
[TimeControl "180+2"]
[EndTime "14:16:51 PST"]
[Termination "DiamondCrusher22 won on time"]

1. d4 d5 2. c4 c6 3. Nf3 Nf6 4. Nc3 dxc4 5. a4 e6 6. e3 c5 7. Bxc4 Nc6 8. O-O Be7 9. Qe2 O-O 10. Rd1 cxd4 11. exd4 Nb4 12. Ne5 a6 13. Bg5 b6 14.
Bxf6 Bxf6 15. d5 exd5 16. Nxd5 Qe8 17. Nxf6+ gxf6 18. Qf3 Qxe5 19. Qxa8 Bg4 20. Qb7 Bxd1 21. Rxd1 Qxb2 22. Qxb6 Qc2 0-1

[Event "*** Titled Tuesday Blitz"]
[Site "Chess.com"]
[Date "2020.02.04"]
[Round "6"]
[White "IMRosen"]
[Black "renehp"]
[Result "0-1"]
[WhiteElo "2522"]
[BlackElo "2373"]
[TimeControl "180+2"]
[EndTime "14:16:52 PST"]
[Termination "renehp won by resignation"]

1. d4 Nf6 2. Bf4 c5 3. e3 d5 4. Nf3 g6 5. Nc3 Bg7 6. Nb5 Na6 7. c3 O-O 8. Ne5 Qb6 9. a4 Nh5 10. dxc5 Nxc5 11. Qd3 Nxd3+ 12. Nxd3 Nxf4 13. Nxf4 e6 14. a5 Qd8 15. h4 a6 16. Na3 Qxa5 17. Nc2 Qb6 18. O-O-O a5 19. h5 a4 20. Na3 Qb3 21. Bd3 Bxc3 22. bxc3 Qxa3+ 23. Kd2 e5 24. Ra1 Qb2+ 25.
Bc2 Bf5 26. e4 Bxe4 27. Nd3 Bxd3 28. Kxd3 d4 29. Ke4 Qxc2+ 0-1

[Event "*** Titled Tuesday Blitz"]
[Site "Chess.com"]
[Date "2020.02.04"]
[Round "6"]
[White "Sibelephant"]
[Black "AvitalBor"]
[Result "1-0"]
[WhiteElo "3057"]
[BlackElo "2745"]
[TimeControl "180+2"]
[EndTime "14:17:06 PST"]
[Termination "Sibelephant won on time"]

1. Nf3 d5 2. e3 c5 3. b3 Nf6 4. Bb2 Nc6 5. Bb5 Bd7 6. O-O Qc7 7. c4 dxc4 8. Bxc4 e6 9. Nc3 a6 10. Rc1 Bd6 11. Bd3 O-O-O 12. Na4 Nb4 13. Bb1 Bxa4 14. bxa4 e5 15. h3 e4 16. Bxf6 gxf6 17. Bxe4 Nxa2 18.
Rc4 Nb4 19. Qb1 Kb8 20. d4 Qe7 21. Rfc1 cxd4 22. Nxd4 Rc8 23. Nf5 1-0

[Event "*** Titled Tuesday Blitz"]
[Site "Chess.com"]
[Date "2020.02.04"]
[Round "6"]
[White "stoleriu"]
[Black "czasnaszachy"]
[Result "1-0"]
[WhiteElo "2505"]
[BlackElo "2307"]
[TimeControl "180+2"]
[EndTime "14:17:13 PST"]
[Termination "stoleriu won by resignation"]

1. e4 c5 2. Nc3 Nc6 3. Bb5 Nd4 4. Bc4 g6 5. Nf3 Bg7 6. Nxd4 cxd4 7. Qf3 e6 8. Nb5 d6 9. Qa3 Ke7 10. c3 Nf6 11. e5 Ne8 12. cxd4 a6 13. Nxd6 Nxd6 14. d3 Ke8 15. exd6 Bxd4 16. Bxe6 Qf6 17. d7+ Bxd7 18. Bxd7+ Kxd7 19. O-O Rhe8 20. Bg5 Qd6 21. Qb3 f6 22. Qxb7+ Qc7 23. Qd5+ Qd6 24. Qb7+ Qc7 25. Qf3 Qc6 26. Qg4+ 1-0

[Event "*** Titled Tuesday Blitz"]
[Site "Chess.com"]
[Date "2020.02.04"]
[Round "6"]
[White "Gahan-MG"]
[Black "Vuk2000"]
[Result "1-0"]
[WhiteElo "2467"]
[BlackElo "2668"]
[TimeControl "180+2"]
[EndTime "14:17:17 PST"]
[Termination "Gahan-MG won on time"]

1. e4 e6 2. b3 d5 3. Bb2 dxe4 4. Nc3 Nf6 5. g4 Nc6 6. Bg2 Be7 7. Nxe4 Nxe4 8.
Bxe4 Bf6 9. c3 Ne5 10. d4 Ng6 11. Nf3 Qd6 12. g5 Be7 13. h4 Nf4 14. Ne5 Ng6 15. Bxg6 hxg6 16. Qf3 Rf8 17. O-O-O Qd5 18. Qe3 b6 19. h5 gxh5 20. Rxh5 Bb7 21. Rh7 g6 22. f3 Bd6 23. c4 Qa5 24. Nxf7 Bc8 25. Qe4 Rxf7 26. Rh8+ Kd7 27. Qxa8 1-0

[Event "*** Titled Tuesday Blitz"]
[Site "Chess.com"]
[Date "2020.02.04"]
[Round "6"]
[White "mortngabriel"]
[Black "chessdjw"]
[Result "0-1"]
[WhiteElo "2423"]
[BlackElo "2588"]
[TimeControl "180+2"]
[EndTime "14:17:20 PST"]
[Termination "chessdjw won by checkmate"]

1. d4 Nf6 2. c4 e6 3. Nc3 Bb4 4.
Qc2 d5 5. Bg5 dxc4 6. Nf3 b5 7. e4 h6 8. Bxf6 gxf6 9. a4 Nc6 10.
axb5 Nxd4 11. Nxd4 Qxd4 12. Rd1 Bxc3+ 13. bxc3 Qc5 14.
Qa4 Bb7 15. Bxc4 O-O 16. O-O Rfd8 17. Be2 Qxc3 18. Rc1 Qe5 19. Bf3 Rd4 20. Qa5 c6 21.
Rb1 c5 22. Rb2 Bxe4 23. Rfb1 Bxf3 24. gxf3 Kh7 25. Kf1 Qxh2 26. Qe1 Rad8 27. Qe3 R8d5 28. Rc2 Re5 29. Qc3 Qh1# 0-1

[Event "*** Titled Tuesday Blitz"]
[Site "Chess.com"]
[Date "2020.02.04"]
[Round "6"]
[White "Zkid"]
[Black "Aygehovit1992"]
[Result "1-0"]
[WhiteElo "2838"]
[BlackElo "2660"]
[TimeControl "180+2"]
[EndTime "14:17:24 PST"]
[Termination "Zkid won on time"]

1. e4 d6 2. d4 g6 3. Nc3 Bg7 4. Be3 c6 5. Qd2 b5 6. a3 Nd7 7. h4 h5 8. d5 cxd5 9. Qxd5 Rb8 10. Bxa7 Rb7 11. Bd4 Ngf6 12. Bxf6 Bxf6 13. Bxb5 O-O 14. Nge2 Ne5 15. a4 Qa5 16. g3 Qa7 17. O-O Be6 18.
Qd1 Bg4 19. Nd5 Bf3 20. Nxf6+ exf6 21. Qd4 Qb8 22. Qe3 Qc8 23. Nd4 1-0

[Event "*** Titled Tuesday Blitz"]
[Site "Chess.com"]
[Date "2020.02.04"]
[Round "6"]
[White "BeanScreen"]
[Black "Korchmar_Vasiliy"]
[Result "0-1"]
[WhiteElo "2586"]
[BlackElo "2799"]
[TimeControl "180+2"]
[EndTime "14:17:26 PST"]
[Termination "Korchmar_Vasiliy won by checkmate"]

1. e4 c5 2. Nf3 d6 3. d4 cxd4 4. Nxd4 Nf6 5. Nc3 Nc6 6. Bg5 e6 7. Bb5 Bd7 8. Qd3 Be7 9. O-O-O O-O 10. Bxc6 bxc6 11. Nb3 e5 12. Bxf6 gxf6 13. f4 a5 14. f5 Kh8 15. Qe3 a4 16. Nd2 a3 17.
b3 Bc8 18. Qh6 Rg8 19. Rhe1 d5 20. Re3 d4 21. Rh3 Rg7 22. Ne2 Ba6 23. Ng3 Bf8 24. Qh4 d3 25. Nh5 Qd4 26. Nc4 d2+ 27. Kb1 Bxc4 28.
c3 Bd3+ 29. Rxd3 Qxd3+ 30. Ka1 Qxc3+ 31. Kb1 Qb2# 0-1

[Event "*** Titled Tuesday Blitz"]
[Site "Chess.com"]
[Date "2020.02.04"]
[Round "6"]
[White "M1711"]
[Black "XiaoKangZhong"]
[Result "1-0"]
[WhiteElo "2508"]
[BlackElo "2358"]
[TimeControl "180+2"]
[EndTime "14:17:28 PST"]
[Termination "M1711 won by resignation"]

1. d4 Nf6 2. Bg5 e6 3. e4 Be7 4.
e5 Nd5 5. Bxe7 Nxe7 6. Nf3 d5 7. exd6 Qxd6 8. Bd3 c5 9. Nc3 a6 10. Ne4 Qb6 11. dxc5 Qxb2 12. Nd6+ Kf8 13. O-O Qa3 14. Nxc8 Nxc8 15. Bxa6 Ke7 16. Bxb7 Rd8 17. Qe2 Ra7 18. c6 Qa5 19. Qc4 Nd6 20. Qh4+ f6 21. Qxh7 Kf7 22. Rab1 Nxb7 23. cxb7 Qd5 24. Rb4 Rxb7 25. Rg4 Rg8 26. Qg6+ Kf8 27. Rd4 Qa5 28. Rfd1 Nc6 29. Rd6 Re7 30.
Rxc6 Re8 31. Rd7 1-0

[Event "*** Titled Tuesday Blitz"]
[Site "Chess.com"]
[Date "2020.02.04"]
[Round "6"]
[White "Gordima"]
[Black "Snegokhod"]
[Result "1-0"]
[WhiteElo "2810"]
[BlackElo "2631"]
[TimeControl "180+2"]
[EndTime "14:17:30 PST"]
[Termination "Gordima won by resignation"]

1. d4 Nf6 2. Bg5 Ne4 3. Bf4 d5 4. e3 c5 5. c3 Nc6 6. Nf3 e6 7. Nbd2 Nxd2 8. Qxd2 Bd6 9. Bg3 O-O 10. Bd3 f5 11. O-O c4 12. Bxd6 Qxd6 13. Bc2 b5 14. a3 Bd7 15. Ng5 h6 16. Nh3 g5 17. f3 e5 18.
dxe5 Qxe5 19. f4 Qd6 20. fxg5 Rae8 21. gxh6 Ne5 22. Nf4 Bc6 23. h3 Qxh6 24. Rae1 Re7 25. Qd4 Qg5 26. Bd1 Rfe8 27. Bf3 Nxf3+ 28. Rxf3 Re4 29.
Qc5 Ba8 30. Kh2 d4 31. Rg3 Qxg3+ 32. Kxg3 dxe3 33. Qxf5 e2 34. Rxe2 Rxe2 35. Nxe2 Rxe2 36. Qc8+ 1-0

[Event "*** Titled Tuesday Blitz"]
[Site "Chess.com"]
[Date "2020.02.04"]
[Round "6"]
[White "Playgood28"]
[Black "Witik"]
[Result "0-1"]
[WhiteElo "2275"]
[BlackElo "2586"]
[TimeControl "180+2"]
[EndTime "14:17:30 PST"]
[Termination "Witik won by resignation"]

1. d4 f5 2. Nf3 Nf6 3. g3 g6 4. Bg2 Bg7 5. O-O O-O 6. c4 d6 7. Nc3 c6 8. d5 Qe8 9. Nd4 Bd7 10. h3 Na6 11. Be3 Nc7 12. Qd2 c5 13. Ne6 Nxe6 14.
dxe6 Bxe6 15. Bxb7 Bxc4 16. Bxa8 Qxa8 17. Bh6 Bxh6 18.
Qxh6 Qc6 19. b3 Ba6 20. f3 d5 21. Rac1 d4 22. Na4 Bxe2 23. Rxc5 Qd6 24. Rf2 Qxg3+ 25.
Rg2 Qe1+ 26. Kh2 Bxf3 27. Rc1 Qe5+ 28. Rg3 Ne4 29. Rg1 Nxg3 30. Rxg3 Qe2+ 31. Kg1 Qe1+ 0-1

[Event "*** Titled Tuesday Blitz"]
[Site "Chess.com"]
[Date "2020.02.04"]
[Round "6"]
[White "earling8018"]
[Black "novocane"]
[Result "1-0"]
[WhiteElo "2059"]
[BlackElo "2130"]
[TimeControl "180+2"]
[EndTime "14:17:34 PST"]
[Termination "earling8018 won on time"]

1. c4 e5 2. Nc3 Bb4 3. d3 Bxc3+ 4. bxc3 Nc6 5. e4 d6 6. Be2 Nge7 7. f4 f6 8. Nf3 Be6 9. O-O O-O 10. d4 Na5 11. Qa4 c5 12. fxe5 dxe5 13. dxe5 Nec6 14. Rd1 Qe8 15.
exf6 Rxf6 16. Rd5 Bxd5 17. cxd5 Ne5 18. Qxa5 Ng4 19. Qxc5 Qxe4 20. Qd4 Qg6 21. Bg5 1-0

[Event "*** Titled Tuesday Blitz"]
[Site "Chess.com"]
[Date "2020.02.04"]
[Round "6"]
[White "Eloist"]
[Black "goldenspine"]
[Result "0-1"]
[WhiteElo "2234"]
[BlackElo "2336"]
[TimeControl "180+2"]
[EndTime "14:17:36 PST"]
[Termination "goldenspine won by checkmate"]

1. e4 c6 2. Nf3 d5 3. Nc3 Bg4 4. d4 dxe4 5. Nxe4 Nd7 6. h3 Bh5 7. Bd3 Ngf6 8. c3 Nxe4 9. Bxe4 Nf6 10. Bc2 e6 11. O-O Qd5 12. g4 Bg6 13. Bb3 Qa5 14. Ne5 Bd6 15. Bf4 Bxe5 16. Bxe5 O-O-O 17. Qf3 Be4 18.
Qf4 Bd5 19. Bxf6 gxf6 20. Qxf6 h5 21. g5 Rdg8 22. h4 Be4 23. Qxf7 Kb8 24. Qxe6 Re8 25. Qd6+ Ka8 26. Qc5 Qc7 27. f4 Qd7 28. f5 Qc7 29. Rf2 Qg3+ 30. Kf1 Bd3+ 31. Re2 Bxe2# 0-1